Cogmind - Beta 16.1 @@@ ROGUE MODE // 2026.02.11 @ 15:35:56 Player: Rudrot Result: Destroyed by GZ-LD0(R) with Subdweller Laser Performance ------------- Evolutions (0) 0 Regions Visited (2) 400 Robots Destroyed (34) 170 Value Destroyed (736) 736 Prototype IDs (0) 0 Alien Tech Used (0) 0 Bonus (0) 0 TOTAL SCORE: 1306 Bonus ------- None Cogmind --------- Core Integrity 0/250 Matter 96/300 Energy 199/200 System Corruption 0% Temperature Cool (6) Movement Rolling (100) Location -10/Subcaves Parts ------- > --- POWER (1) -------- Subdweller Power Source > --- PROPULSION (2) --- Compact Wheel > --- UTILITY (2) ------ Targeting Computer Core Shielding > --- WEAPON (2) ------- Assault Rifle > --- INVENTORY (5) ---- Light Ion Engine Subdweller Monowheel Structural Scanner Targeting Computer Peak State ------------ > --- POWER ------------ Subdweller Power Source > --- PROPULSION ------- Compact Wheel Subdweller Monowheel > --- UTILITY ---------- Targeting Computer Core Shielding > --- WEAPON ----------- Grenade Launcher Grenade Launcher > --- INVENTORY -------- Compact Wheel Structural Scanner Targeting Computer Assault Rifle Light Cannon [Rating: 9] Favorites ----------- Power Ion Engine Engine Ion Engine Propulsion Compact Wheel Wheel Compact Wheel Utility Core Shielding Processor Targeting Computer Protection Core Shielding Weapon Assault Rifle Energy Gun Medium Laser Ballistic Gun Assault Rifle Ballistic Cannon Light Cannon Launcher Grenade Launcher Build | -11 -10 -10 ------- Run | Yrd Mat Sub Slots Evolved . | . . . Power . | . . . Propulsion . | . . . Utility . | . . . Weapon . | . . . Parts Attached 17 | 6 9 2 Power 4 | 2 1 1 Engine 4 | 2 1 1 Core . | . . . Reactor . | . . . Propulsion 5 | 2 2 1 Treads . | . . . Leg . | . . . Wheel 5 | 2 2 1 Hover . | . . . Flight . | . . . Utility 2 | . 2 . Device . | . . . Storage . | . . . Processor 1 | . 1 . Hackware . | . . . Protection 1 | . 1 . Artifact . | . . . Weapon 6 | 2 4 . Energy Gun 1 | 1 . . Energy Cannon . | . . . Ballistic Gun 2 | 1 1 . Ballistic Cannon 1 | . 1 . Launcher 2 | . 2 . Special Weapon . | . . . Impact Weapon . | . . . Slashing Weapon . | . . . Piercing Weapon . | . . . Special Melee Weapon . | . . . Unidentified Prototypes . | . . . Parts Lost 5 | . 1 4 Power . | . . . Propulsion 2 | . 1 1 Utility . | . . . Weapon 3 | . . 3 Highest Loss Streak 2 | . 1 2 To Critical Strikes . | . . . Average Backups 3 | . 3 4 Power . | . . . Propulsion . | . . . Utility 1 | . . 2 Weapon 1 | . 1 1 Tool/Special . | . . . Unused Backups 6 | . 2 4 Power 2 | . 1 1 Propulsion 1 | . . 1 Utility 2 | . . 2 Weapon 1 | . 1 . Tool/Special . | . . . Average Slot Usage (%) 91 | . 90 94 Engine 14 | . 14 14 Wheel 23 | . 23 22 Processor 12 | . 11 14 Protection 12 | . 11 14 Energy Gun 1 | . 2 . Ballistic Gun 12 | . 17 4 Ballistic Cannon 5 | . 4 5 Launcher 8 | . 2 17 Peak Build Rating 9 | 5 7 9 Average Rating 6 | 3 6 7 On Entrance 4 | . 5 7 Avg Prop Armor Cover (%) . | . . . Naked Turns . | . . . Heaviest Build 12 | 9 12 12 Greatest Support 36 | 26 32 36 Greatest Overweight (x) 1 | . 1 . Average Overweight (x) . | . . . Largest Inventory Capacity 5 | 5 5 5 Average Capacity 5 | 5 5 5 Most Carried 5 | 1 5 5 Average Carried 3 | . 3 4 Final Capacity 5 | 5 5 5 Final Carried 5 | 1 5 4 Class Distribution -------------------- 100% | Mutant Dominant Class ---------------- Mutant | -10/Materials Mutant | -10/Subcaves Resources | -11 -10 -10 ----------- Run | Yrd Mat Sub Matter Collected 745 | 207 419 119 Remotely . | . . . Salvage Created 896 | . 791 105 Parts 60 | . 44 16 Haulers Intercepted 2 | . 2 . Recyclers Shooed 1 | . 1 . Parts Field Recycled . | . . . Retrieved Matter . | . . . Parts Self-Destructed 7 | . . 7 Prevented . | . . . Parts Restored . | . . . Kills | -11 -10 -10 ------- Run | Yrd Mat Sub Combat Hostiles Destroyed 21 | . 13 8 Guns 9 | . 8 1 Cannons 1 | . . 1 AOE 11 | . 5 6 Classes Destroyed 10 | . 9 1 Worker 2 | . 2 . Builder 2 | . 2 . Hauler 2 | . 2 . Recycler 3 | . 3 . Mechanic 1 | . 1 . Operator 2 | . 2 . Watcher 1 | . 1 . Swarmer 5 | . 1 4 Grunt 12 | . 12 . Subdweller 4 | . . 4 Best Kill Streak 9 | . 9 4 Combat Bots Only 4 | . 3 4 Max Kills in Single Turn 4 | . 4 2 Gunslinging . | . . . Exploded 2 | . 2 2 Melee . | . . . Uniques/NPCs Destroyed . | . . . Combat | -11 -10 -10 -------- Run | Yrd Mat Sub Hostile Shots Fired 89 | . 57 32 Missed 27 | . 19 8 Hits 62 | . 38 24 Projectile 62 | . 38 24 Damage Taken 919 | . 505 414 Core 262 | . 150 112 Absorbed by Shields . | . . . Redirected to Shielding 46 | . 26 20 Regen/Repaired (Parts) 118 | . 118 . Core Remaining (%) 100 | 100 . . Volleys Fired 53 | . 41 12 Largest 2 | . 2 2 Hottest 70 | . 70 60 Shots Fired 104 | . 81 23 Gun 61 | . 60 1 Cannon 13 | . 8 5 Launcher 30 | . 13 17 Special . | . . . Kinetic 65 | . 59 6 Thermal 9 | . 9 . Explosive 30 | . 13 17 Electromagnetic . | . . . Robot Hit Streak 11 | . 11 7 Robot Miss Streak 4 | . 4 1 Penetration Max . | . . . Secondary Targets 1 | . 1 . Max Gunslinging Chain 1 | . 1 . Shots Hit Robots 57 | . 44 13 Core Hits 58 | . 45 13 Critical Kills 1 | . 1 . Critical Parts Destroyed . | . . . Critical Strikes 2 | . 2 . Destroy 1 | . 1 . Blast 1 | . 1 . Melee Attacks . | . . . Impact . | . . . Slashing . | . . . Piercing . | . . . Sneak Attacks . | . . . Combat Hostiles . | . . . Follow-up Attacks . | . . . Damage Inflicted 1807 | . 1100 707 Guns 429 | . 414 15 Cannons 176 | . 107 69 Explosions 1202 | . 579 623 Melee . | . . . Ramming . | . . . Kinetic 516 | . 432 84 Thermal 89 | . 89 . Explosive 1202 | . 579 623 Electromagnetic . | . . . Impact . | . . . Slashing . | . . . Piercing . | . . . Highest Corruption . | . . . Average Corruption . | . . . Corruption Purged . | . . . Corruption Blocked . | . . . Overload Shots . | . . . Overflow Damage 4 | . . 4 Projectiles . | . . . Explosions 4 | . . 4 Melee . | . . . Knockbacks 1 | . . 1 Impact . | . . . Kinetic 1 | . . 1 Secondary . | . . . Self-Inflicted Damage 57 | . . 57 Shots 3 | . . 3 Rammed . | . . . Targets Rammed . | . . . Kicked . | . . . Crushed . | . . . Highest Temperature 155 | . 155 . Average Temperature 58 | . 58 . Received Heat Transfer 336 | . 234 102 Siege Activations . | . . . Martial Activations . | . . . Shielding Activations . | . . . Robots Disrupted . | . . . Combat Hostiles . | . . . Robots Corrupted . | . . . Combat Hostiles . | . . . Parts Fried . | . . . Impact Corruptions . | . . . Robots Melted . | . . . Combat Hostiles . | . . . Parts Melted . | . . . Heat Transferred 259 | . 259 . Parts Sabotaged . | . . . Parts Stolen . | . . . Parts Stripped . | . . . Power Chain Reactions . | . . . Alert | -11 -10 -10 ------- Run | Yrd Mat Sub Maximum Alert Level 1 | . 1 . Low Security (%) 54 | 100 52 . Level 1 45 | . 47 . Level 2 . | . . . Level 3 . | . . . Level 4 . | . . . Level 5 . | . . . High Security . | . . . Max Security . | . . . Peak Influence 310 | . 310 . Initial . | . . . Average 144 | . 149 . Influence Increases 755 | . 645 110 Destroy 0b10 Robot/C 340 | . 260 80 Destroy 0b10 Robot/NC 65 | . 65 . Destroy Leader 66 | . 66 . Successful Hack 3 | . 3 . Disable Machine 15 | . 15 . Destroy Structure 71 | . 71 . Partial Spotted 15 | . 15 . Lose Combat Pursuer 180 | . 150 30 Influence Decreases 755 | . 377 378 Entered New Map 129 | . . 129 Time Decay 597 | . 377 220 Lost Part 29 | . . 29 Squads Dispatched 4 | . 4 . Investigation 1 | . 1 . Extermination . | . . . Reinforcement 3 | . 3 . Assault . | . . . Garrison . | . . . Intercept . | . . . Searches Triggered . | . . . Construction Impeded . | . . . Haulers Reinforced . | . . . Active Scanning Responses . | . . . Cargo Convoy Interrupts . | . . . Stealth | -11 -10 -10 --------- Run | Yrd Mat Sub Distress Signals 3 | . 3 . Communications Jammed . | . . . Distress Signals . | . . . Times Spotted 46 | . 36 10 Peak Tracking Total 7 | . 7 5 Tactical Retreats 8 | . 7 1 Traps | -11 -10 -10 ------- Run | Yrd Mat Sub Traps Triggered 2 | . 2 . Indirectly . | . . . Trap Hack Attempts . | . . . Triggered . | . . . Disarmed . | . . . Reprogrammed . | . . . Reused . | . . . Traps Extracted . | . . . Installed . | . . . Triggered . | . . . Machines | -11 -10 -10 ---------- Run | Yrd Mat Sub Machines Disabled 1 | . 1 . Max in Single Turn 1 | . 1 . Machines Repaired . | . . . Machines Dismantled . | . . . Machines Sabotaged . | . . . Overloaded Fab Kills . | . . . Hacking | -11 -10 -10 --------- Run | Yrd Mat Sub Machines Accessed 2 | . 2 . Terminals 1 | . 1 . Fabricators . | . . . Repair Stations 1 | . 1 . Recycling Units . | . . . Scanalyzers . | . . . Garrison Access . | . . . Total Hacks 8 | . 8 . Successful 4 | . 4 . Failed 4 | . 4 . Catastrophic 1 | . 1 . Database Lockouts . | . . . Manual . | . . . Terminals 3 | . 3 . Fabricators . | . . . Repair Stations 5 | . 5 . Recycling Units . | . . . Scanalyzers . | . . . Garrison Access . | . . . Terminal Hacks . | . . . Fabricator Hacks . | . . . Repair Station Hacks 4 | . 4 . Scan Component 2 | . 2 . Repair 2 | . 2 . Recycling Unit Hacks . | . . . Scanalyzer . | . . . Garrison Access Hacks . | . . . Unauthorized Hacks . | . . . Terminals . | . . . Fabricators . | . . . Repair Stations . | . . . Recycling Units . | . . . Scanalyzers . | . . . Garrison Access . | . . . Data Cores Recovered . | . . . Used . | . . . Hacking Detections 2 | . 2 . Full Trace Events 1 | . 1 . Feedback Events . | . . . Feedback Blocked . | . . . Robot Schematics Acquired . | . . . Robots Built . | . . . Authchips . | . . . Time . | . . . Total Robot Build Rating . | . . . Part Schematics Acquired . | . . . Parts Built . | . . . Authchips . | . . . Time . | . . . Total Part Build Rating . | . . . Part Studies Acquired . | . . . Parts Repaired 2 | . 2 . Time 52 | . 52 . Parts Recycled . | . . . Recycled Matter . | . . . Retrieved Matter . | . . . Retrieved Components . | . . . Parts Scanalyzed . | . . . Part Schematics Acquired . | . . . Parts Damaged . | . . . Bothacking | -11 -10 -10 ------------ Run | Yrd Mat Sub Used RIF Installer . | . . . Robots Hacked . | . . . Non-combat . | . . . Combat . | . . . Robot Hacks Applied . | . . . Relay Couplers Released . | . . . Fabnet Peak Effective % . | . . . Robots Rewired . | . . . Allies Hacked . | . . . Hacks Repelled . | . . . Allies | -11 -10 -10 -------- Run | Yrd Mat Sub Total Allies . | . . . Largest Group . | . . . Highest-Rated Group . | . . . Highest-Rated Ally . | . . . Total Orders . | . . . Ally Attacks . | . . . Total Damage . | . . . Kills . | . . . Allies Corrupted . | . . . Allies Melted . | . . . Intel | -11 -10 -10 ------- Run | Yrd Mat Sub Active Infowar (turns) . | . . . Robot Analysis Total . | . . . Derelict Logs Recovered 1 | . . 1 Drone Launches . | . . . Drone Recoveries . | . . . Exploration | -11 -10 -10 ------------- Run | Yrd Mat Sub Turns Passed 1954 | 46 1135 773 Spaces Moved 1708 | 41 952 715 Core 3 | 3 . . Treads . | . . . Legs . | . . . Wheels 1705 | 38 952 715 Hover . | . . . Flight . | . . . Fastest Speed 50 | 50 80 100 Average Speed 95 | 87 90 101 Slowest Speed 105 | 100 100 105 Overloaded Moves . | . . . Propulsion Burnouts . | . . . Robots Hopped . | . . . Potential Cave-ins . | . . . Cave-ins Triggered . | . . . Exploration Rate (%) 42 | 3 94 31 Regions Visited 2 Branch Regions 1 Pre-discovered Areas . | . . . Known Exits Taken . | . . . Unknown Exits Taken 2 | 1 1 . Scrap Searched . | . . . Spaces Dug 8 | . . 8 Terrain Destroyed 163 | . 83 80 Melee . | . . . Projectile . | . . . AOE 163 | . 83 80 Terrain Rammed . | . . . Walls Destroyed . | . . . Machines Disabled . | . . . Actions | -11 -10 -10 --------- Run | Yrd Mat Sub Total 1930 | 48 1142 740 Wait 117 | . 117 . Move 1706 | 40 951 715 Hop . | . . . Pick Up 11 | 1 8 2 Fast Attach 11 | 5 6 . Attach 5 | . 2 3 Detach 3 | . 2 1 Swap 14 | 1 9 4 Drop 10 | 1 6 3 Fire 53 | . 41 12 Melee . | . . . Ram . | . . . Kick . | . . . Crush . | . . . Escape Stasis . | . . . Rewire . | . . . Trap . | . . . Miscellaneous . | . . . Route ------- -11/Scrapyard -10/Materials (discovered 6 exits: [*Mat x3] / [*Min x2] / [*Sub]) -10/Subcaves (discovered 1 exit: [*Mat]) History --------- Turn | Location | Event 16 | -11/Scrapyard | Discovered new exit (range 15) 47 | -11/Scrapyard | Entered Materials 169 | -10/Materials | Discovered new exit (range 16) 298 | -10/Materials | Discovered new exit (range 15) 301 | -10/Materials | Build established: Mutant 474 | -10/Materials | Discovered new exit (range 15) 532 | -10/Materials | Core integrity fell below 50% 720 | -10/Materials | Discovered new exit (range 16) 772 | -10/Materials | Discovered new exit (range 12) 850 | -10/Materials | Discovered new exit (range 4) 944 | -10/Materials | Repaired Core Shielding 981 | -10/Materials | Repaired Assault Rifle? 1182 | -10/Materials | Entered Subcaves 1333 | -10/Subcaves | Shifting Twisted Machinery released Spk. Treads 1441 | -10/Subcaves | Ambushed by Subdwellers from Twisted Machinery 1628 | -10/Subcaves | Learned Materials trap positions 1710 | -10/Subcaves | Core integrity fell below 20% 1871 | -10/Subcaves | Discovered new exit (range 14) 1955 | -10/Subcaves | Destroyed by GZ-LD0(R) with Subdweller Laser Last Messages --------------- 01711_ Lgt. Ion Engine fries itself beyond repair. 01712_ Flight Unit fries itself beyond repair. 01712_ S-10 Pest destroyed. 01712_ Grenade Launcher destroyed. 01712_ Destroyed Grenade Launcher. 01716_ S-10 Pest destroyed. 01719_ Flight Unit fries itself beyond repair. 01722_ Lgt. Ion Engine fries itself beyond repair. 01722_ Lgt. Assault Rifle fries itself beyond repair. 01723_ Acquired Lgt. Ion Engine. 01724_ Flight Unit fries itself beyond repair. 01727_ Lgt. Assault Rifle fries itself beyond repair. 01793_ Acquired 4 matter. 01796_ Acquired 11 matter. 01871_ EXIT=FOUND 01947_ Lgt. Cannon destroyed. Map ----- +----------------------------------------------------+ | ?????????????????# ## ### #???### | | ?????????????????# ## #??## | | ?????????????????# ## ##?## | | ????????????????## ## #?## ### | | ????????????????# ### ##?# | | ????????????????# ## ##?## | | ????????????????## ### ## #### | | ?????????????????## ### ##### ## | | ??????????????????# ## #?# #???## | | ?????????????????## ### #?#####????# | | ?????????????????# #?## #??????????# | | ?????????????????# #### ##?????????## ## | | ?????????????????# ## R #??????????## ### | | ?????????????????# ### #???????????## # | | ?????????????????# ### #???????????## | | ????? ????????# ### ##???????#### | | ???# ????????## ### #??????## | | ??? ##???????## ## #?????## | | ?? ????????# ## #?????# | | ??? ????????##?# ##???## | | ????? #???????????# ##?## ## ### | | ???? ##??????????## ### ### ""## #?? | | ##? #?????####??# ### """ ##? | | #?# ## ##???## ##### ## "" #? | | #?#""## ##### ## # """ """ ## #####? | | ### """ ## @ """"""" "## #????? | | ""##"" " """""""## ##???? | | ##" " # ## #######""##"" #???? | | # """"" ######### "#????## #"""##??? | | ## ##??????## #????# ## "#??? | | ## #???????######????# ## #??? | | ### #?????????????????#" "" #??? | | ### ## #????????????????#""""" #??? | | ### #### #????????????????#""" ##?? | | ##?## ##???###????????????????## # #?? | | ##??###???????????????????????#" "### #?? | | ##???????????????????????????#"" ## ##?? | | #??????#????????????????????# # # ##??? | | ## #????????????????????##### #???? | | #?????????????????????????# ##???? | | ##?????????????????????????#####????? | | ###### ##???????????????????????????????????? | | ##???#### #????????????????????????????????????? | | #???????# #???????????????????????????????????? | | ##??###???#%##???????????????????????????????????? | | #### #????##????????????????????????????????????? | | #?????####?????????????????????????????????? | | ##???## #?????????????????????????????????? | | ## #???# ###???????????????????????????????? | | #### ###### ##??????????????????????????????? | +----------------------------------------------------+ Best States ------------- Heat Dissipation 25 Energy Generation 15 Energy Capacity 250 Matter Stores 300 Matter Capacity 300 Sight Range 16 Terrain Scan Density 10 Core Shielding 20 Evasion (%) 44 Targeting Accuracy 5 Item Schematics ----------------- None Robot Schematics ------------------ None Fabricated ------------ Nothing Repaired ---------- Core Shielding | 52% | -10/Materials Assault Rifle | 6% | -10/Materials Studied --------- None Alien Tech Used ----------------- None Achievements -------------- None Challenges ------------ None Game ------ Seed AnalysisMyomerInitializer Manual? 0 Play Time 00:25:10 Cumulative 26.8 hours Start 2026.02.11 @ 15:12:48 End 2026.02.11 @ 15:35:56 Sessions 1 Manual Loads 0 Difficulty Rogue Special Mode None Game No. 24 Rogue 24 Adventurer 0 Explorer 0 Win Type - Total 0 Types 0/0/0/0/0/0/0/0/0/0 Lore% 15 Gallery% 12 Achievement% 11 Wizard Run 0 Options --------- Layout 1 ASCII 0 Keyboard 1 Movement Numpad Keybinds 0 Fullscreen 2 Font 24/Cog Map View 50x35 Zoom Use 0% Tactical HUD 1 Map Filters NONE Filters NONE Steam 1 RUN: c7be7117-00d3-494c-a298-c852d1290808